 Dungeon Crawl Stone Soup version 0.28.0-47-ge53b351184 (webtiles) character file.

Game seed: 14840078481556795021

46 bobregger the Insei (level 3, -1/26 HPs)
             Began as an Octopode Monk on May 11, 2022.
             Slain by a gnoll
             ... wielding a +0 flail
              (12 damage)
             ... on level 1 of the Dungeon.
             The game lasted 00:02:03 (1299 turns).

bobregger the Insei (Octopode Monk)                 Turns: 1299, Time: 00:02:04

Health: -1/26      AC:  1    Str: 10    XL:     3   Next: 68%
Magic:  3/3        EV: 14    Int: 12    God:
Gold:   11         SH:  0    Dex: 16    Spells: 2/2 levels left

rFire   . . .      SeeInvis .     - Unarmed
rCold   . . .      Faith    .   (no shield)
rNeg    . . .      Spirit   .   (helmet restricted)
rPois   .          Reflect  .   (no amulet)
rElec   .          Harm     .   (no ring)
rCorr   .          Rampage  .   (no ring)
Will    .....                   (no ring)
Stlth   +++.......              (no ring)
HPRegen 0.08/turn               (no ring)
MPRegen 0.08/turn               (no ring)
                                (no ring)
                                (no ring)

@: no status effects
A: almost no armour, amphibious, 8 rings, camouflage 1, gelatinous body 1,
(nimble swimmer 1), tentacles
a: no special abilities


You were on level 1 of the Dungeon.
You visited 1 branch of the dungeon, and saw 2 of its levels.

You collected 11 gold pieces.

Inventory:

Scrolls
 a - a scroll of amnesia {unknown}
 d - a scroll of magic mapping {unknown}
 e - a scroll of identify {unknown}
Potions
 b - a potion of invisibility {unknown}
 c - a potion of brilliance {unknown}


   Skills:
 + Level 3.4 Fighting
 + Level 3.4 Dodging
 - Level 2.6 Stealth
 * Level 3.9 Unarmed Combat


You had 2 spell levels left.
You didn't know any spells.
Your spell library was empty.

Dungeon Overview and Level Annotations

Branches:
Dungeon (2/15)

Altars:


Innate Abilities, Weirdness & Mutations

You cannot wear most types of armour.
You are amphibious.
You can wear up to eight rings at the same time.
Your skin changes colour to match your surroundings (Stealth+).
Your rubbery body absorbs attacks. (AC +1, EV +1)
((You are camouflaged when in or above water. (Stealth+)))
You have tentacles for arms and can constrict up to eight enemies at once.


Message History

You constrict the frilled lizard.
You kill the frilled lizard!
The gnoll shouts!
You hear a shout!
A gnoll comes into view. It is wielding a +0 halberd.
A gnoll comes into view. It is wielding a +0 flail.
The gnoll hits you with a +0 flail. The gnoll closely misses you.
There is a stone staircase leading up here.
The gnoll hits you from afar with a +0 halberd.
The gnoll hits you from afar with a +0 halberd.
You climb upwards.
There is a stone staircase leading down here.
You start resting.
HP restored.
You climb downwards.
The gnoll hits you with a +0 flail!
There is a stone staircase leading up, spattered with blood here.
The gnoll closely misses you. The gnoll barely misses you.
You climb upwards.
There is a stone staircase leading down here.
You tentacle-slap the gnoll. You grab the gnoll.
You squeeze the gnoll, but do no damage.
The gnoll is moderately wounded.
You constrict the gnoll. The gnoll closely misses you.
The gnoll hits you with a +0 flail!
You tentacle-slap the gnoll but do no damage.
The gnoll is heavily wounded.
You constrict the gnoll. The gnoll misses you. The gnoll barely misses you.
You tentacle-slap the gnoll but do no damage.
You squeeze the gnoll.
You kill the gnoll!
The gnoll misses you. The gnoll misses you.
You see here a +0 flail.
You tentacle-slap the gnoll but do no damage.
Your grab misses the gnoll. The gnoll barely misses you.
You tentacle-slap the gnoll but do no damage.
You grab the gnoll.
You squeeze the gnoll, but do no damage.
You constrict the gnoll. The gnoll hits you with a +0 flail!
You die...

#####.#####.....# #.........#
....#...........# #.##+######
....#...........# #.##.########
....#.######..#.# #.##.#.......
.#..#.# #..#.# ##.##.##......
....#.# ##.#.# #.÷...##......
....#.# #...####.....##..†...
.#..#.# ##...g.##.....##......
....#.######...>@.##.....##......
≈.....##..........##.....##......
.#..#....(.....#########.##......
....#†##.......# #....#####
+####...###....## #....#
.+.'..#.._......# #....#
.########.#.#...# #....# .#
##...#...# #....# .# #####...#
#....#


You could see a gnoll.

Vanquished Creatures
  A gnoll (D:1)
  A dart slug (D:2)
  2 endoplasms (D:1)
  5 hobgoblins (D:1)
  4 jackals (D:1)
  A quokka (D:1)
  5 ball pythons (D:1)
  5 bats (D:1)
  4 frilled lizards
  A goblin (D:1)
  5 rats (D:1)
34 creatures vanquished.

Notes
Turn   | Place    | Note
-------+----------+-------------------------------------------
     0 | D:1      | bobregger the Octopode Monk began the quest for the Orb.
     0 | D:1      | Reached XP level 1. HP: 16/16 MP: 1/1
   295 | D:1      | Reached XP level 2. HP: 20/21 MP: 2/2
   624 | D:1      | Found a faded altar of an unknown god.
   701 | D:1      | Reached XP level 3. HP: 20/26 MP: 3/3
  1299 | D:1      | Slain by a gnoll

Illustrated notes

Levels and vault maps discovered:
D:1:      shiori_arrival_oz, layout_basic, ebering_ecumenical_altar_rust
D:2:      layout_rooms, uniq_sigmund, uniq_jessica

Action                   || total
-------------------------++-------
Melee: Unarmed           ||    64
       Constrict         ||    21
       Tentacles         ||    17
       Punch             ||     1
 Stab: Sleeping          ||     6
Armor: Skin              ||     7
Dodge: Dodged            ||    53
